 Dungeon Crawl Stone Soup version 0.30-a0-948-g4fa250aae5 (webtiles) character file.

Game seed: 12394386289167181718

2437 DeathPants the Slasher (level 9, -3/47 HPs)
             Began as a Vine Stalker Gladiator on Mar 26, 2023.
             Slain by an orc warrior
             ... wielding a +0 war axe
              (13 damage)
             ... in a bailey.
             The game lasted 00:14:59 (5382 turns).

DeathPants the Slasher (Vine Stalker Gladiator)     Turns: 5382, Time: 00:14:59

Health: -3/47      AC:  7    Str: 18    XL:     9   Next: 49%
Magic:  0/18       EV: 14    Int: 10    God:
Gold:   154        SH:  0    Dex: 17    Spells: 18/18 levels left

rFire   . . .      SeeInvis .    a - +0 long sword (flame)
rCold   . . .      Faith    .    (no shield)
rNeg    . . .      Spirit   +    g - +0 leather armour
rPois   .          Reflect  .    c - +1 helmet
rElec   .          Rampage  .    i - +1 cloak
rCorr   .                        (no gloves)
Will    +....                    (no boots)
Stlth   +                        j - amulet of magic regeneration
HPRegen 1.07/turn                (no ring)
MPRegen 0.56/turn                (no ring)

@: no status effects
A: fangs 3, regeneration 1, magic shield, antimagic bite, no potion heal 2
a: no special abilities


You were in a bailey.
You visited 1 branch of the dungeon, and saw 7 of its levels.
You also visited: Bailey.

You collected 253 gold pieces.
You spent 99 gold pieces at shops.

Inventory:

Hand Weapons
 a - a +0 long sword of flaming (weapon)
 b - a +1 dagger of venom
Missiles
 d - 3 throwing nets (quivered)
 e - 5 javelins
 r - 6 boomerangs
 w - 8 poisoned darts
 x - 3 curare-tipped darts
Armour
 c - a +1 helmet (worn)
 g - a +0 leather armour (worn)
 i - a +1 cloak (worn)
Jewellery
 j - an amulet of magic regeneration (around neck)
Wands
 z - a wand of flame (22)
Scrolls
 t - a scroll of teleportation
 u - 2 scrolls of blinking
Potions
 f - a potion of haste
 h - a potion of attraction
 k - 4 potions of curing
 m - a potion of berserk rage {unknown}
 p - 2 potions of heal wounds {unknown}


   Skills:
 + Level 5.3 Fighting
 * Level 7.7 Long Blades
 - Level 1.7 Throwing
 + Level 5.2 Dodging
 + Level 5.4 Spellcasting


You had 18 spell levels left.
You didn't know any spells.
Your spell library contained the following spells:

 Spells                   Type           Power      Damage    Failure   Level
 Shock                    Conj/Air       8%         1d3       26%         1
 Scorch                   Fire           4%         2d5       36%         2
 Swiftness                Air            2%         N/A       61%         3
 Airstrike                Air            1%         2d(1-17)  95%         4
 Flame Wave               Conj/Fire      2%         2d4       95%         4
 Blade Hands              Tmut           1%         N/A       100%        5
 Irradiate                Conj/Tmut      1%         3d12      100%        5
 Summon Cactus Giant      Summ           1%         N/A       100%        6
 Dragon Form              Tmut           1%         N/A       100%        7


Dungeon Overview and Level Annotations

Branches:
Dungeon (7/15)             Bailey (1/1)
 Temple: D:4-7

Altars:

Shops:
D:3 !?


Innate Abilities, Weirdness & Mutations

You have razor-sharp teeth.
Your natural rate of healing is unusually fast.
When hurt, damage is shared between your health and your magic reserves.
Your bite disrupts and absorbs the magic of your enemies.
Potions cannot restore your health.


Message History

You completely miss the orc warrior.
The orc warrior is severely wounded.
The orc completely misses you.
The orc warrior hits you with a +0 war axe!
* * * LOW HITPOINT WARNING * * *
You slash the orc warrior! You burn the orc warrior.
You kill the orc warrior!
The orc misses you. The orc hits you but does no damage.
Things that are here:
a +0 war axe; a +0 plate armour You completely miss the orc.
Your bite misses the orc. The orc hits you with a +0 hand axe.
* * * LOW HITPOINT WARNING * * *
You barely miss the orc. You punch the orc. Your bite misses the orc.
The orc is lightly wounded.
The orc misses you.
You slash the orc! You burn the orc.
You kill the orc!
The orc warrior hits you with a +0 war axe!
* * * LOW HITPOINT WARNING * * *
The orc warrior closely misses you.
Things that are here:
a +0 hand axe; a +0 leather armour You hit the orc warrior but do no damage.
Your bite misses the orc warrior.
The orc warrior hits you with a +0 war axe.
* * * LOW HITPOINT WARNING * * *
You hit the orc warrior. You burn the orc warrior.
Your bite misses the orc warrior.
The orc warrior is moderately wounded.
The orc warrior misses you.
You closely miss the orc warrior.
The orc warrior is moderately wounded.
The orc warrior hits you with a +0 war axe.
* * * LOW HITPOINT WARNING * * *
You hit the orc warrior but do no damage.
The orc warrior is moderately wounded.
The orc warrior hits you with a +0 war axe!
You die...

####.#############
........).†......####
#########...........##
##†#.........##
#@)#....⌠.....#
#.o###.......## ###..+
#.....### ^...###......###
# ####+####..#)((..≈≈≈≈≈≈
≈## #.......####((≈)≈≈≈≈≈≈≈
≈≈≈K#...!.o.#K≈≈≈≈≈≈~....##
≈≈≈≈#########≈≈≈≈≈......##
#≈≈≈≈≈≈≈≈≈≈≈≈≈........##


You could see an orc warrior.

Vanquished Creatures
  Pikel (D:4)
  Grinder (D:3)
  Sigmund (D:2)
  Duvessa (D:6)
  An ice beast (D:6)
  3 orc warriors (Bailey)
  A black bear (D:6)
  3 ogres
  A centaur (D:5)
  A lemure (D:4)
  A phantom (D:5)
  Dowan (D:6)
  A jelly (D:5)
  Crazy Yiuf (D:3)
  3 orc priests
  2 hounds (D:4)
  4 orc wizards
  An iguana (D:4)
  Natasha (twice) (D:3)
  A gnoll (D:1)
  7 adders
  4 worms
  3 dart slugs
  19 orcs
  9 endoplasms
  6 giant cockroaches
  6 goblins
  10 hobgoblins
  7 jackals (D:2)
  22 kobolds
  4 quokkas
  2 ball pythons
  5 bats
  2 frilled lizards
  4 rats
141 creatures vanquished.

Notes
Turn   | Place    | Note
-------+----------+-------------------------------------------
     0 | D:1      | DeathPants the Vine Stalker Gladiator began the quest for
                  | the Orb.
     0 | D:1      | Reached XP level 1. HP: 11/11 MP: 2/2
    99 | D:1      | Reached XP level 2. HP: 15/15 MP: 3/3
   272 | D:1      | Reached skill level 3 in Long Blades
   393 | D:1      | Reached XP level 3. HP: 16/18 MP: 5/5
   633 | D:1      | Reached skill level 1 in Spellcasting
   633 | D:1      | Found a faded altar of an unknown god.
  1271 | D:2      | Gained mutation: Your natural rate of healing is unusually
                  | fast. [Vine Stalker growth]
  1271 | D:2      | Reached XP level 4. HP: 21/23 MP: 6/6
  1501 | D:2      | Noticed Sigmund
  1510 | D:2      | Killed Sigmund
  1511 | D:2      | Reached skill level 4 in Long Blades
  1511 | D:2      | Reached XP level 5. HP: 19/28 MP: 4/9
  1511 | D:2      | Reached XP level 6. HP: 22/32 MP: 4/10
  2177 | D:3      | Found Kubibra's Distillery.
  2286 | D:3      | Noticed Natasha
  2294 | D:3      | Killed Natasha
  2485 | D:3      | Noticed Natasha
  2491 | D:3      | Killed Natasha
  2492 | D:3      | Reached XP level 7. HP: 36/36 MP: 12/12
  2623 | D:3      | Found The Oracle's Delphic Readings.
  2629 | D:3      | Bought a scroll of identify for 22 gold pieces
  2629 | D:3      | Bought a scroll of identify for 22 gold pieces
  2629 | D:3      | Bought a scroll of identify for 22 gold pieces
  2629 | D:3      | Bought a scroll of teleportation for 33 gold pieces
  2717 | D:3      | Found a runed translucent door.
  2722 | D:3      | Noticed Crazy Yiuf
  2732 | D:3      | Killed Crazy Yiuf
  2733 | D:3      | Reached skill level 5 in Long Blades
  2783 | D:3      | Noticed Grinder
  2805 | D:3      | Killed Grinder
  3203 | D:5      | Entered Level 5 of the Dungeon
  3375 | D:4      | Noticed Pikel
  3401 | D:4      | Killed Pikel
  3402 | D:4      | Reached skill level 6 in Long Blades
  3402 | D:4      | Gained mutation: You have razor-sharp teeth. [Vine Stalker
                  | growth]
  3402 | D:4      | Reached XP level 8. HP: 24/42 MP: 10/15
  3841 | D:6      | Noticed Duvessa
  3841 | D:6      | Noticed Dowan
  3856 | D:6      | Killed Duvessa
  3865 | D:6      | Killed Dowan
  4034 | D:5      | Reached skill level 7 in Long Blades
  4034 | D:5      | Reached XP level 9. HP: 42/46 MP: 17/17
  4580 | D:5      | Reached skill level 5 in Spellcasting
  5128 | D:6      | Reached skill level 5 in Fighting
  5128 | D:6      | Reached skill level 5 in Dodging
  5195 | D:7      | Found a flagged portal.
  5210 | Bailey   | Entered a bailey
  5382 | Bailey   | Slain by an orc warrior

Illustrated notes

Levels and vault maps discovered:
D:1:      sevenhm_arrival_forest_fort_small_3, layout_basic,
          hellmonk_ecumenical_altar_arch_garden, serial_bayou_pond_b
D:2:      minmay_evil_eye, layout_basic, nicolae_eternal_life, minivault_4,
          minmay_tiny_reverse_x, uniq_sigmund
D:3:      layout_basic, serial_shops, shop, eino_tiny_chamber,
          nicolae_nh_oracle_at_delphi, uniq_grinder, uniq_crazy_yiuf_cottage,
          uniq_natasha
D:4:      wander_river, layout_loops_corners, uniq_pikel
D:5:      cheibrodos_quashed, layout_layer_cave, minmay_misc_feat_nine_boxes,
          minmay_misc_feat_chi, minmay_door_square
D:6:      layout_loops_cross, minmay_temple_entry_gardened_gates,
          roderic_lattice_a, uniq_duvessa
D:7:      hellmonk_destroyed_diamonds, layout_gridville,
          grunt_dithmenos_smoke_and_mirrors, enter_bailey_3, uniq_joseph
Bailey:   bailey_axe_4, bailey

Skill      XL: |  1  2  3  4  5  6  7  8  9 |
---------------+----------------------------+-----
Fighting       | 2 3 4 5 |  5.3
Long Blades    | 3 4 6 7 |  7.7
Spellcasting   | 1 2 4 5 |  5.4
Dodging        | 3 4 5 |  5.2
Throwing       | |  1.7

Action                     |  1- 3 |  4- 6 |  7- 9 || total
---------------------------+-------+-------+-------++-------
  Melee: Dagger            |    72 |   131 |   188 ||   391
         Bite              |    18 |    42 |    97 ||   157
         Long sword        |     2 |       |   106 ||   108
         Punch             |       |     2 |     5 ||     7
  Throw: Throwing net      |       |     1 |     2 ||     3
    Use: Scroll            |       |       |    12 ||    12
         Potion            |       |       |     2 ||     2
   Stab: Sleeping          |     1 |       |     1 ||     2
         Held in net/web   |       |     1 |       ||     1
 Armour: Leather armour    |    15 |    30 |    73 ||   118
  Dodge: Dodged            |    36 |    63 |   194 ||   293

Table legend: (Time is in decaauts)
 A = Elapsed time spent in this place.
 B = Non-inter-level travel time spent in this place.
 C = Inter-level travel time spent in this place.
 D = Time resting spent in this place.
 E = Time spent auto-exploring this place.
 F = Levels seen in this place.
 G = Mean time per level.
                   A        B        C        D        E       F      G
               +--------+--------+--------+--------+--------+-----+--------+
         Total |   5337 |   5215 |    122 |    213 |   3732 |   8 |  667.1 |
       Dungeon |   5183 |   5061 |    122 |    213 |   3695 |   7 |  740.4 |
        Bailey |    154 |    154 |      0 |      0 |     37 |   1 |  154.0 |
               +--------+--------+--------+--------+--------+-----+--------+

Top non-repeatable levels by time:
     D:1: 1162 daAuts
     D:5: 1056 daAuts
     D:4: 958 daAuts
     D:2: 875 daAuts
     D:3: 797 daAuts
     D:6: 309 daAuts
  Bailey: 154 daAuts
     D:7: 23 daAuts
